Map: [ESL] Hecate

Players

Spirit - Winner!

  • Race: Terran Terran
  • Spawn Location: 7:00

PtitDrogo

  • Race: Protoss Protoss
  • Spawn Location: 1:00

Event: ESL SC2 Masters 2023 Winter (Regional)

VOD

Have the link to the VOD?

Description

Time

  • Played on: Oct. 26, 2023, 12:08 p.m.
  • Length: 9:42

All games in this series

Show
View Real Time Build Order
Export as new Build Order

Spirit Terran - Winner!

Build Orders:  

Get SALT Encoding   

  12  0:00  SCV  
  13  0:12  SCV  
  14  0:16  Supply Depot  
  14  0:24  SCV  
  15  0:38  SCV  
  15  0:40  Barracks  
  16  0:43  Refinery  
  16  0:50  SCV  
  17  1:02  SCV  
  18  1:14  SCV  
  19  1:26  Marine  
  19  1:27  Orbital Command  
  20  1:46  Command Center  
  20  1:52  Factory  
  20  1:54  SCV  
  21  2:02  Supply Depot  
  21  2:04  Barracks Reactor  
  21  2:08  SCV  
  22  2:19  Bunker  
  22  2:20  SCV  
  23  2:32  SCV  
  24  2:40  Starport  
  24  2:44  Hellion x2  
  28  2:45  SCV  
  28  2:47  Marine  
  30  2:59  Orbital Command  
  30  3:00  SCV  
  30  3:05  Hellion  
  33  3:10  Hellion  
  35  3:12  Barracks Tech Lab  
  35  3:18  Medivac  
  35  3:19  SCV  
  38  3:24  SCV, Refinery  
  39  3:31  SCV  
  40  3:36  SCV  
  40  3:39  Supply Depot  
  40  3:40  Marine x2  
  43  3:43  SCV  
  43  3:47  Factory Tech Lab  
  44  3:48  SCV  
  44  3:51  Barracks  
  44  3:55  Supply Depot, SCV  
  46  4:01  SCV, Marine x2  
  49  4:07  SCV  
  48  4:13  SCV  
  43  4:18  Siege Tank  
  43  4:19  SCV, Marine x2  
  47  4:24  Barracks  
  47  4:25  SCV  
  47  4:28  Refinery  
  47  4:30  Engineering Bay  
  48  4:31  SCV  
  48  4:36  Marine  
  48  4:37  SCV  
  51  4:41  Marine  
  51  4:44  SCV  
  51  4:45  Supply Depot  
  53  4:46  Barracks Tech Lab  
  53  4:49  SCV  
  54  4:53  Siege Tank  
  54  4:54  Marine  
  54  4:56  SCV  
  54  4:58  Marine  
  60  5:06  Supply Depot, SCV, Refinery  
  59  5:08  Stimpack  
  59  5:09  Marine  
  59  5:12  Marine  
  59  5:13  Terran Infantry Weapons Level 1, Starport Reactor  
  61  5:16  Barracks Tech Lab  
  61  5:19  SCV  
  61  5:20  SCV  
  63  5:22  Supply Depot  
  63  5:27  Siege Tank  
  66  5:29  Marine  
  66  5:30  Marauder, Marine  
  66  5:31  SCV  
  66  5:33  Supply Depot  
  71  5:36  Marauder  
  73  5:47  Combat Shield, SCV, Marine  
  73  5:50  Marine  
  73  5:52  Marauder  
  73  5:54  SCV  
  77  5:57  Medivac  
  77  5:59  Marauder, Supply Depot  
  81  6:07  Marine  
  83  6:12  Marine  
  83  6:13  Marauder  
  83  6:14  Medivac  
  87  6:20  Marauder  
  87  6:25  Marine  
  89  6:27  Command Center, Medivac, Supply Depot  
  89  6:29  SCV  
  89  6:32  SCV  
  93  6:40  Marine  
  93  6:41  Barracks  
  93  6:42  Barracks, Factory Reactor  
  94  6:49  Marauder x2, SCV x2  
  94  6:50  Marine  
  94  6:53  Supply Depot  
  101  7:01  SCV  
  102  7:06  Concussive Shells  
  102  7:11  Marine  
  102  7:13  Marine  
  102  7:14  Marauder, Medivac x2  
  102  7:15  Marauder  
  108  7:16  SCV  
  104  7:26  SCV  
  104  7:29  SCV, Marine  
  94  7:36  Widow Mine x2, Marauder  
  98  7:38  Marine  
  98  7:39  SCV, Marauder x2  
  98  7:44  Orbital Command, Medivac x2  
  104  7:48  Barracks Reactor  
  104  7:50  Marine  
  109  7:52  SCV  
  109  7:54  SCV  
  109  7:56  Marine  
  109  7:57  Marauder  
  114  8:02  Marine, Ghost Academy  
  114  8:04  SCV  
  114  8:08  Marine  
  114  8:09  Marauder  
  114  8:10  SCV  
  117  8:16  Widow Mine  
  117  8:17  Orbital Command  
  125  8:32  Supply Depot  
  125  8:33  Ghost, Supply Depot  
  120  8:38  SCV x2  
  122  8:43  SCV  
  108  8:49  Ghost  
  108  8:50  Marine x2  
  108  8:52  Marine x2  
  114  8:56  Marine  
  114  8:57  SCV  
  114  8:59  SCV x2  
  118  9:02  Bunker  
  118  9:05  Missile Turret  
  118  9:07  Supply Depot  
  118  9:09  SCV  
  119  9:11  Marauder, Marine, SCV  
  119  9:15  Marauder  
  119  9:16  Marine  
  120  9:21  SCV, Marine  
Show
View Real Time Build Order
Export as new Build Order

PtitDrogo Protoss 

Build Orders: 1 Gate Expand, Blink Stalkers, Zealot Archon 

Get SALT Encoding   

  12  0:00  Probe  
  13  0:12  Probe  
  14  0:18  Pylon  
  14  0:24  Probe (Chrono Boost)  
  15  0:36  Probe (Chrono Boost)  
  15  0:37  Gateway  
  16  0:45  Probe (Chrono Boost)  
  16  0:46  Assimilator  
  17  0:51  Probe  
  18  1:03  Probe  
  19  1:15  Probe  
  20  1:24  Cybernetics Core  
  20  1:27  Cybernetics Core  
  20  1:37  Nexus  
  20  1:40  Pylon  
  20  1:43  Probe  
  21  1:49  Assimilator  
  21  1:55  Probe  
  21  2:00  Adept (Chrono Boost)  
  22  2:03  Warp Gate  
  22  2:07  Probe  
  25  2:19  Probe  
  25  2:20  Stalker (Chrono Boost)  
  28  2:31  Probe  
  28  2:32  Twilight Council  
  29  2:38  Gateway  
  29  2:49  Probe (Chrono Boost)  
  31  2:55  Probe (Chrono Boost)  
  32  2:58  Probe (Chrono Boost)  
  32  3:02  Probe (Chrono Boost)  
  32  3:03  Probe (Chrono Boost)  
  34  3:09  Blink (Chrono Boost)  
  34  3:10  Stalker  
  36  3:13  Probe  
  36  3:16  Probe  
  36  3:25  Probe  
  37  3:28  Robotics Facility  
  37  3:30  Probe  
  38  3:37  Probe  
  39  3:43  Nexus  
  39  3:45  Probe  
  40  3:49  Probe  
  40  3:52  Stalker  
  43  3:56  Stalker  
  37  4:18  Probe (Chrono Boost)  
  37  4:23  Warp Prism  
  41  4:25  Probe (Chrono Boost)  
  41  4:28  Probe (Chrono Boost)  
  41  4:31  Pylon  
  43  4:32  Probe (Chrono Boost)  
  43  4:33  Probe (Chrono Boost)  
  43  4:37  Stalker  
  46  4:45  Pylon  
  46  4:47  Forge  
  46  4:49  Probe x2  
  48  4:54  Stalker  
  51  5:00  Probe (Chrono Boost)  
  51  5:01  Probe (Chrono Boost)  
  51  5:03  Charge  
  53  5:07  Probe (Chrono Boost)  
  53  5:13  Probe (Chrono Boost)  
  55  5:16  Probe x2 (Chrono Boost)  
  55  5:17  Assimilator  
  55  5:18  Probe (Chrono Boost)  
  55  5:21  Gateway x2  
  57  5:23  Pylon, Probe (Chrono Boost)  
  57  5:27  Protoss Ground Weapons Level 1 (Chrono Boost)  
  58  5:31  Sentry  
  58  5:34  Probe x2 (Chrono Boost)  
  63  5:36  Probe (Chrono Boost)  
  63  5:42  Probe x2 (Chrono Boost)  
  65  5:45  Probe  
  64  5:52  Gateway  
  64  5:53  Probe x2  
  64  5:55  Gateway  
  66  5:57  Gateway, Probe  
  66  5:59  Templar Archives  
  65  6:07  Probe  
  65  6:09  Probe  
  67  6:18  Zealot x2, Probe  
  68  6:19  Probe  
  68  6:20  Pylon  
  68  6:21  Pylon  
  68  6:22  Zealot x2  
  75  6:27  Probe  
  75  6:28  Pylon  
  75  6:29  Shield Battery  
  74  6:34  Gateway x2  
  74  6:38  High Templar  
  74  6:39  High Templar  
  78  6:43  Pylon  
  78  6:44  Pylon  
  78  6:46  Archon  
  78  6:47  Zealot x3  
  78  6:52  Pylon  
  78  6:53  Shield Battery  
  84  6:54  Zealot  
  84  6:59  Zealot  
  86  7:10  High Templar  
  86  7:11  High Templar, Zealot x3  
  86  7:13  Shield Battery  
  96  7:16  Archon  
  96  7:18  Zealot  
  78  7:22  Zealot  
  78  7:29  Zealot x2  
  74  7:31  Zealot x3  
  74  7:44  Zealot x4  
  74  7:50  Nexus  
  82  7:52  High Templar x2, Zealot  
  82  7:53  Zealot x2  
  82  7:57  Nexus  
  92  8:00  Archon  
  84  8:07  Zealot x4  
  84  8:15  Zealot x3  
  84  8:31  Zealot x4  
  91  8:36  Zealot x2  
  80  8:55  Probe  
  80  9:01  High Templar  
  83  9:04  Zealot x6  
  95  9:10  Shield Battery  
  94  9:24  High Templar  
  94  9:25  Zealot x4  
  104  9:34  Pylon  
Tags
 
Add a new tag
Caveats
  • Supply blocks, unpowered buildings, or Contaminate may cause inaccurate times.
  • Supply counts are checked every 10 seconds.